 Dungeon Crawl Stone Soup version 0.29.1-1-gd02db6906a (webtiles) character file.

Game seed: 3465579008402797368

4108 MisterFreud the Cruncher (level 10, 0/74 HPs)
             Began as a Formicid Gladiator on Oct 22, 2022.
             Was an Initiate of Yredelemnul.
             Slain by a centaur (5 damage)
             ... on level 9 of the Dungeon.
             The game lasted 00:10:43 (9236 turns).

MisterFreud the Cruncher (Formicid Gladiator)       Turns: 9236, Time: 00:10:44

Health: 0/74       AC: 12    Str: 19    XL:     10   Next: 50%
Magic:  16/16      EV:  8    Int:  8    God:    Yredelemnul [......]
Gold:   203        SH:  4    Dex: 19    Spells: 9/9 levels left

rFire   . . .      SeeInvis +   t - +5 quarterstaff (spect)
rCold   . . .      Faith    .   I - +0 buckler
rNeg    . . .      Spirit   .   f - +0 chain mail
rPois   .          Reflect  .   (helmet unavailable)
rElec   .          Harm     .   H - +0 cloak
rCorr   .          Rampage  .   (no gloves)
Will    +....                   w - +0 pair of boots
Stlth   ..........              (no amulet)
HPRegen 0.22/turn               (no ring)
MPRegen 0.15/turn               (no ring)

@: no status effects
A: permanent stasis, dig shafts and tunnels, antennae 3, four strong arms
a: Dig, Shaft Self, Renounce Religion, Recall Undead Harvest


You were on level 9 of the Dungeon.
You worshipped Yredelemnul.
Yredelemnul was aware of your devotion.
You visited 2 branches of the dungeon, and saw 10 of its levels.

You collected 586 gold pieces.
You spent 383 gold pieces at shops.

Inventory:

Hand Weapons
 a - a +1 quarterstaff of protection
 n - the +5 hand axe "Ciodgh" {flame, +Blink rCorr}
   (You found it on level 3 of the Dungeon)

   It burns those it strikes, dealing additional fire damage.
   Big, fiery blades are also staple armaments of hydra-hunters.
   +Blink:    It lets you blink.
   rCorr:     It protects you from acid and corrosion.
 t - a +5 spectral quarterstaff (weapon)
 G - a +2 vorpal quarterstaff
Missiles
 c - 5 throwing nets
 d - 6 javelins
 g - 2 boomerangs
 p - 8 poisoned darts (quivered)
Armour
 b - a +0 leather armour
 f - a +0 chain mail (worn)
 w - a +0 pair of boots (worn)
 H - a +0 cloak (worn)
 I - a +0 buckler (worn)
Jewellery
 r - an amulet of faith
Wands
 q - a wand of flame (69)
 y - a wand of charming (8)
 A - a wand of roots (15)
 B - a wand of digging (3)
 E - a wand of polymorph (9)
Scrolls
 s - 2 scrolls of immolation
 u - a scroll of poison
 x - a scroll of amnesia
 z - a scroll of identify
 F - a scroll of summoning
Potions
 e - 2 potions of haste
 h - 4 potions of curing
 i - a potion of resistance {unknown}
 j - 4 potions of might
 k - 3 potions of heal wounds
 l - 3 potions of attraction
 m - 3 potions of mutation
 o - 2 potions of cancellation
 v - a potion of brilliance {unknown}
 C - a potion of lignification
 D - a potion of invisibility {unknown}


   Skills:
 - Level 5.0 Fighting
 - Level 10.0 Staves
 - Level 2.0 Throwing
 - Level 5.0 Armour
 - Level 2.6 Dodging
 + Level 8.7 Invocations
 + Level 5.8 Evocations


You had 9 spell levels left.
You didn't know any spells.
Your spell library contained the following spells:

 Spells                   Type           Power      Damage    Failure   Level
 Sting                    Tmut/Pois      0%         1d3       99%         1
 Poisonous Vapours        Pois/Air       0%         N/A       100%        2
 Olgreb's Toxic Radiance  Pois           0%         N/A       100%        4


Dungeon Overview and Level Annotations

Branches:
Dungeon (9/15)             Temple (1/1) D:4
   Lair: D:8-11         Orc: D:9-12

Altars:
Dithmenos
Kikubaaqudgha
Qazlal
Ru
Sif Muna
Yredelemnul

Shops:
D:6 *   D:8 (

Annotations:
D:4 4 runed translucent doors
D:8 2 transporters, sentinel's ghost, novice MeEE


Innate Abilities, Weirdness & Mutations

You cannot be hasted, slowed, berserked, paralysed or teleported.
You can dig through walls and to a lower floor.
You have a pair of large antennae on your head. (SInv)
Your four strong arms can wield two-handed weapons with a shield.


Message History

You barely miss the yak.
The yak is severely wounded.
Your +5 spectral quarterstaff barely misses the yak.
The centaur shoots an arrow.
The arrow barely misses your +5 spectral quarterstaff.
The arrow hits the yak!
Your orc wizard zombie hits the yak but does no damage.
The centaur shoots an arrow.
The arrow misses your +5 spectral quarterstaff.
The arrow hits the yak!
The yak dies!
Found a runed spear.
Your orc wizard zombie closely misses the yak.
Your orc wizard zombie barely misses the yak.
You block the yak's attack. The yak gores you.
Things that are here:
a +0 dagger; a +0 robe Unknown command.
The two-headed ogre attacks as you move away!
The two-headed ogre hits you with a +0 giant club!!
The two-headed ogre hits you with a +0 giant club!
* * * LOW HITPOINT WARNING * * *
Your orc wizard zombie hits the yak.
You block the yak's attack.
Things that are here:
a +0 dagger; a +0 robe; a +0 dagger Are you sure you want to shaft yourself?
The centaur unwields a +0 shortbow.
The centaur hits your orc wizard zombie.
The centaur kicks your orc wizard zombie.
Your orc wizard zombie hits the yak but does no damage.
The two-headed ogre hits your orc wizard zombie with a +0 giant club!!
Your orc wizard zombie is destroyed!
The yak gores you.
* * * LOW HITPOINT WARNING * * *
The yak gores you.
* * * LOW HITPOINT WARNING * * *
You begin to dig a shaft.
You continue digging a shaft.
The centaur hits you.
You die...
Your body rises from the dead as a mindless zombie.

.>.... #.# #.#.. .
#.# #.#.# .. . #.#
###...#.. ). #.#
#...... ... #.#
#....# .... #.#
#....##.....
#.#####...cO......
#........@Y.......
##....#..ZY)#.....
#.######.#.......
#.# #.###..... #.#
#.# ..... #.# #.#
.... #.# ..# ...
###.#####.## ...
##.<.#......


You could see a two-headed ogre, 2 yaks, a centaur (fast) and a friendly orc
wizard zombie.

Vanquished Creatures
  Pikel (D:5)
  A vampire (D:6)
  2 yaks
  A wyvern (D:9)
  Duvessa (D:7)
  An acid dragon (D:8)
  2 sky beasts (D:8)
  3 ice beasts
  2 ogres
  5 phantoms
  A gnoll sergeant (D:8)
  A necrophage (D:4)
  3 scorpions
  Dowan (D:7)
  9 killer bees (D:8)
  A howler monkey (D:6)
  2 lava snakes (D:7)
  2 hounds
  Crazy Yiuf (D:7)
  An iguana (D:6)
  Natasha (thrice) (D:3)
  5 orc wizards
  9 adders
  A gnoll (D:1)
  3 shadow imps
  3 white imps (D:6)
  A worm (D:2)
  3 dart slugs
  13 orcs
  8 ball pythons
  9 endoplasms
  2 giant cockroaches
  7 goblins
  14 hobgoblins
  9 jackals
  5 kobolds
  7 quokkas
  6 bats
  3 frilled lizards
  8 rats
160 creatures vanquished.

Vanquished Creatures (collateral kills)
  Prince Ribbit (D:5)
  A yak (D:8)
  An adder (D:5)
  An orc (D:9)
  A goblin (D:4)
5 creatures vanquished.

Vanquished Creatures (others)
  A yak (D:9)
  A wyvern zombie (D:9)
  An acid dragon zombie (D:8)
  3 killer bee zombies (D:8)
  An ice beast zombie (D:8)
  An ogre zombie (D:7)
  A hound zombie (D:7)
  2 spectral shadow imps
  2 spectral white imps (D:6)
  3 orc zombies (D:9)
  A quokka zombie (D:5)
  A fungus (D:7)
18 creatures vanquished.

Grand Total: 183 creatures vanquished

Notes
Turn   | Place    | Note
-------+----------+-------------------------------------------
     0 | D:1      | MisterFreud the Formicid Gladiator began the quest for the
                  | Orb.
     0 | D:1      | Reached XP level 1. HP: 16/16 MP: 1/1
   216 | D:1      | Reached XP level 2. HP: 22/22 MP: 2/2
   424 | D:1      | Reached skill level 4 in Staves
   424 | D:1      | Reached XP level 3. HP: 22/27 MP: 3/3
   791 | D:1      | Reached XP level 4. HP: 33/33 MP: 4/4
  1100 | D:2      | Reached skill level 5 in Staves
  1100 | D:2      | Reached skill level 1 in Armour
  1377 | D:2      | Found a faded altar of an unknown god.
  1465 | D:2      | Reached XP level 5. HP: 38/38 MP: 5/5
  2052 | D:3      | Noticed Natasha
  2058 | D:3      | Killed Natasha
  2214 | D:3      | Reached XP level 6. HP: 44/44 MP: 6/6
  2379 | D:3      | Noticed Natasha
  2381 | D:3      | Identified the +5 hand axe "Ciodgh" {flame, +Blink rCorr}
  2386 | D:3      | Killed Natasha
  2387 | D:3      | Reached skill level 6 in Staves
  2466 | D:3      | Noticed Natasha
  2474 | D:3      | Killed Natasha
  2757 | D:4      | Found a large runed translucent door.
  2757 | D:4      | Found a large runed translucent door.
  2811 | D:4      | Noticed an orc warrior
  2811 | D:4      | Noticed an orc warrior
  2991 | D:4      | Found a large runed translucent door.
  2997 | D:4      | Found a large runed translucent door.
  3132 | D:4      | Reached XP level 7. HP: 42/50 MP: 7/7
  3294 | D:4      | Reached skill level 5 in Armour
  3308 | D:4      | Found a sand-covered staircase.
  3443 | D:4      | Found a staircase to the Ecumenical Temple.
  3492 | Temple   | Entered the Ecumenical Temple
  3515 | Temple   | Became a worshipper of Yredelemnul the Dark
  3903 | D:5      | Entered Level 5 of the Dungeon
  4457 | D:5      | Noticed Prince Ribbit
  4478 | D:5      | Killed Prince Ribbit
  4479 | D:5      | Reached skill level 7 in Staves
  4479 | D:5      | Reached XP level 8. HP: 55/61 MP: 8/8
  4602 | D:5      | Noticed Pikel
  4620 | D:5      | Killed Pikel
  4621 | D:5      | Reached skill level 5 in Fighting
  4621 | D:5      | Reached skill level 8 in Staves
  5116 | D:6      | Found Degu's General Store.
  5132 | D:6      | Reached XP level 9. HP: 64/68 MP: 9/9
  5143 | D:6      | Reached skill level 9 in Staves
  5216 | D:6      | Bought a potion of heal wounds for 65 gold pieces
  5216 | D:6      | Bought a scroll of enchant weapon for 97 gold pieces
  5292 | D:6      | Reached * piety under Yredelemnul
  5430 | D:6      | Reached skill level 10 in Staves
  5764 | D:6      | Found an ancient bone altar of Kikubaaqudgha.
  6411 | D:7      | Noticed Dowan
  6412 | D:7      | Noticed Duvessa
  6435 | D:7      | Killed Duvessa
  6436 | D:7      | Reached skill level 5 in Invocations
  6437 | D:7      | Killed Dowan
  7303 | D:7      | Found a runed translucent door.
  7304 | D:7      | Noticed Crazy Yiuf
  7317 | D:7      | Killed Crazy Yiuf
  7651 | D:8      | Noticed a queen bee
  7718 | D:8      | Reached XP level 10. HP: 62/74 MP: 15/15
  7743 | D:8      | Reached ** piety under Yredelemnul
  7927 | D:8      | You fall into a shaft and drop 1 floor!
  7930 | D:9      | Noticed a two-headed ogre
  8228 | D:9      | Noticed a manticore
  8373 | D:8      | Reached skill level 5 in Evocations
  8964 | D:8      | Found a transporter.
  8968 | D:8      | Found a transporter.
  9003 | D:8      | Found Kotsaad's Weapon Boutique.
  9009 | D:8      | Bought a +1 spectral quarterstaff for 221 gold pieces
  9021 | D:8      | Noticed sentinel's ghost (novice MeEE)
  9228 | D:9      | Noticed a two-headed ogre
  9236 | D:9      | Slain by a centaur

Illustrated notes

Levels and vault maps discovered:
D:1:      ncdulo_halloftheorcs, layout_basic, dk_noncrumbling_3,
          minmay_misc_feat_chi, dreamdust_wishing_well, minivault_14
D:2:      layout_loops_ring, basic_ecumenical_altar, serial_park_tiny_2,
          nicolae_concentric_dashed_squares_mild
D:3:      layout_loops_ring, st_stairs_7, uniq_natasha
D:4:      layout_basic, temple_pool_b, nicolae_ossuary_entry_ruins,
          minmay_hollow_rounded_squares
D:5:      layout_gridville, uniq_prince_ribbit1, uniq_pikel
D:6:      layout_cave_pools, lemuel_crystal_altar, serial_shops, shop
D:7:      layout_basic, grunt_ogre_cave, kennysheep_donut, nicolae_titane,
          uniq_duvessa, uniq_crazy_yiuf_cottage
D:8:      layout_loops_corners, serial_shops, nicolae_shop_bloodbath_and_beyond,
          gammafunk_ghost_hive, kennysheep_generic_room_2
D:9:      layout_rooms, david_orc_3, minmay_misc_feat_tower,
          small_chamber_with_monster
Temple:   mainiacjoe_temple_circle_huts

Skill      XL: |  1  2  3  4  5  6  7  8  9 10 |
---------------+-------------------------------+-----
Staves         | 4 5 6 7 8 10 | 10.0
Armour         | 1 2 4 5 |  5.0
Fighting       | 4 5 |  5.0
Invocations    | 7 8 |  8.7
Evocations     | 5 |  5.8
Throwing       | |  2.0
Dodging        | |  2.6

Action                   |  1- 3 |  4- 6 |  7- 9 | 10-12 || total
-------------------------+-------+-------+-------+-------++-------
Melee: Quarterstaff      |    73 |   192 |   302 |    79 ||   646
       Punch             |     1 |     1 |     5 |     2 ||     9
Throw: Dart              |       |       |     3 |       ||     3
 Abil: Shaft Self        |       |       |       |     2 ||     2
       Dig               |       |       |       |     1 ||     1
  Use: Scroll            |       |     8 |     4 |     9 ||    21
       Potion            |       |       |     4 |       ||     4
 Stab: Sleeping          |     1 |       |       |       ||     1
       Distracted        |       |       |     1 |     2 ||     3
Armor: Leather armour    |    13 |     8 |       |       ||    21
       Chain mail        |       |   124 |   172 |    61 ||   357
Dodge: Dodged            |    46 |    68 |   115 |    41 ||   270
Block: Buckler           |       |       |       |     5 ||     5
